 Dungeon Crawl Stone Soup version 0.30-a0-782-ge64f9170bb (webtiles) character file.

Game seed: 1605179707856320898

103924 Flugkiller the Devastator (level 15, -11/113 HPs)
             Began as a Demigod Conjurer on Feb 20, 2023.
             Hit by a large rock thrown by a cyclops (28 damage)
             ... on level 2 of the Orcish Mines.
             The game lasted 00:40:43 (23894 turns).

Flugkiller the Devastator (Demigod Conjurer)       Turns: 23894, Time: 00:40:44

Health: -11/113    AC: 19    Str:  8    XL:     15   Next: 43%
Magic:  31/38      EV: 11    Int: 48    God:
Gold:   1458       SH:  5    Dex: 15    Spells: 20/36 levels left

rFire   + + .      SeeInvis +    P - staff of conjuration
rCold   . . .      Faith    .    M - +2 buckler {AC+3}
rNeg    . . .      Spirit   .    K - +0 steam dragon scales
rPois   .          Reflect  .    U - +3 crown of Dyrovepreva {rElec Int+2 SInv}
rElec   +          Harm     .    a - +0 cloak
rCorr   .          Rampage  .    Q - +3 pair of gloves "Vaoch" {rF+ Dex+3}
Will    ++...                    s - +2 pair of boots
Stlth   ++                       C - amulet of magic regeneration
HPRegen 0.38/turn                x - +6 ring of intelligence
MPRegen 0.66/turn                p - ring of protection from fire

@: no status effects
A: high MP 2, forlorn, divine attributes, strong-willed 1
a: no special abilities


You were on level 2 of the Orcish Mines.
You visited 3 branches of the dungeon, and saw 22 of its levels.
You also visited: Bailey, Gauntlet and Volcano.

You collected 1982 gold pieces.
You spent 524 gold pieces at shops.

Inventory:

Missiles
 N - 3 throwing nets
Armour
 a - a +0 cloak (worn)
   (You took it off Maurice on level 7 of the Dungeon)
 e - a scarf of harm
   (You found it on level 1 of the Dungeon)
 s - a +2 pair of boots (worn)
   (You found it on level 3 of the Dungeon)
 K - +0 steam dragon scales (worn)
   (You took it off Maggie on level 8 of the Dungeon)
 M - a +2 buckler of protection (worn)
   (You took it off a tengu warrior on level 12 of the Dungeon)
 Q - the +3 pair of gloves "Vaoch" (worn) {rF+ Dex+3}
   (You acquired it on level 2 of the Lair of Beasts)

   Dex:       It affects your dexterity (+3).
   rF:        It protects you from fire.
 U - the +3 crown of Dyrovepreva (worn) {rElec Int+2 SInv}
   (You found it in a volcano)

   Int:       It affects your intelligence (+2).
   rElec:     It insulates you from electricity.
   SInv:      It lets you see invisible.
Magical Staves
 P - a staff of conjuration (weapon)
   (You found it in a bailey)
Jewellery
 c - a ring of protection from cold
   (You found it on level 10 of the Dungeon)
 i - a ring of see invisible
   (You found it in a Gauntlet)
 j - a +4 ring of slaying
   (You found it on level 9 of the Dungeon)
 o - a ring of poison resistance
   (You found it on level 5 of the Lair of Beasts)
 p - a ring of protection from fire (right hand)
   (You found it on level 4 of the Dungeon)
 v - a +5 ring of evasion
   (You found it on level 5 of the Dungeon)
 x - a +6 ring of intelligence (left hand)
   (You bought it in a shop on level 10 of the Dungeon)
 C - an amulet of magic regeneration (around neck)
   (You found it on level 13 of the Dungeon)
 D - a ring of wizardry
   (You found it on level 5 of the Dungeon)
 S - the amulet "Reopeot" {Acrobat Regen+}
   (You acquired it on level 10 of the Dungeon)

   [amulet of the acrobat]

   It increases your evasion while moving and waiting.
   Regen:     It increases your rate of health regeneration.
Wands
 l - a wand of digging (7)
   (You found it on level 5 of the Lair of Beasts)
 A - a wand of roots (1)
   (You took it off Edmund on level 4 of the Dungeon)
 G - a wand of light (5)
   (You found it on level 10 of the Dungeon)
 H - a wand of paralysis (4)
   (You found it on level 8 of the Dungeon)
 I - a wand of flame (12)
   (You took it off Terence on level 3 of the Dungeon)
 W - a wand of mindburst (5)
   (You found it on level 12 of the Dungeon)
Scrolls
 f - 3 scrolls of fear
 r - a scroll of butterflies
 t - 8 scrolls of teleportation
 y - 4 scrolls of vulnerability
 z - 2 scrolls of blinking
 B - 4 scrolls of poison
 E - a scroll of torment
 F - 4 scrolls of amnesia
 T - 4 scrolls of fog
 X - a scroll of silence
 Z - 2 scrolls of immolation
Potions
 b - a potion of magic
 d - 3 potions of might
 g - 3 potions of ambrosia
 h - 4 potions of haste
 k - 9 potions of mutation
 m - 4 potions of lignification
 n - 2 potions of resistance
 q - 11 potions of curing
 u - 2 potions of flight
 w - 6 potions of heal wounds
 J - 2 potions of invisibility
 L - 2 potions of berserk rage
 O - 6 potions of cancellation
 V - 3 potions of brilliance
Miscellaneous
 R - a tin of tremorstones (2/2)
   (You found it in a bailey)
 Y - a piece from Xom's chessboard (15/15)
   (You found it in a Gauntlet)


   Skills:
 - Level 5.0 Fighting
 - Level 1.7 Dodging
 - Level 1.7 Stealth
 - Level 11.0 Spellcasting
 + Level 19.5 Conjurations
 - Level 11.0 Hexes
 - Level 4.0 Translocations
 - Level 5.0 Evocations


You had 20 spell levels left.
You knew the following spells:

 Your Spells              Type           Power      Damage    Failure   Level
a - Magic Dart            Conj           100%       1d8       0%          1
b - Searing Ray           Conj           100%       2d8       0%          2
c - Fulminant Prism       Conj/Hex       65%        3d28      1%          4
d - Iskenderun's Mystic   Conj/Tloc      100%       2d19      1%          4
e - Summon Mana Viper     Hex/Summ       68%        N/A       3%          5

Your spell library contained the following spells:

 Spells                   Type           Power      Damage    Failure   Level
 Slow                     Hex            100%       N/A       0%          1
 Dazzling Flash           Conj/Hex       100%       N/A       0%          3
 Apportation              Tloc           100%       N/A       1%          1
 Beastly Appendage        Tmut           52%        N/A       1%          1
 Scorch                   Fire           52%        2d7       1%          2
 Wereblood                Tmut           26%        N/A       1%          2
 Confusing Touch          Hex            93%        N/A       1%          3
 Hailstorm                Conj/Ice       100%       3d20      1%          3
 Flame Wave               Conj/Fire      100%       2d21      1%          4
 Spider Form              Tmut/Pois      26%        N/A       3%          3
 Vampiric Draining        Necr           26%        2d7       3%          3
 Silence                  Hex/Air        34%        N/A       3%          5
 Ice Form                 Ice/Tmut       26%        N/A       12%         4
 Summon Ice Beast         Ice/Summ       26%        N/A       12%         4
 Agony                    Necr           26%        N/A       34%         5
 Alistair's Intoxication  Tmut/Pois      17%        N/A       34%         5
 Simulacrum               Ice/Necr       13%        N/A       88%         6
 Summon Cactus Giant      Summ           13%        N/A       88%         6
 Monstrous Menagerie      Summ           13%        N/A       100%        7


Dungeon Overview and Level Annotations

Branches:
Dungeon (15/15) Zot: 25654  Temple (0/1) D:6            Lair (5/5) D:10 Zot: 23978
  Swamp (0/4) Lair:3       Spider (0/4) Lair:2        Slime (0/5) Lair:4
    Orc (2/2) D:9 Zot: 11157  Vaults (0/5) D:14         Depths (0/4) D:15
 Bailey (visited)         Volcano (visited)         Gauntlet (visited)
    Elf: Orc:2

Shops:
D:6 *   D:10 =   D:13 :   D:14 =!((*

Annotations:
D:3 1 runed translucent door, jazmu's ghost, amateur DgHu
D:7 1 runed translucent door, Crazy Yiuf
Orc:2 Saint Roka


Innate Abilities, Weirdness & Mutations

You have a considerably increased reservoir of magic. (+20% MP)
You shall have no god before yourself.
Your divine heritage dramatically boosts your attributes as you level up.
You are strong-willed. (Will+)


Message History

Unknown command.
Casting: Iskenderun's Mystic Blast (safe; 1% risk of failure)
Confirm with . or Enter, or press ? or * to list all spells.
You feel a surge of power!
You erupt in a blast of force!
The mystic blast hits the ogre!!!
You kill the ogre!
You hear a shout!
You hear two shouts!
An ogre mage comes into view. It is wielding a +0 club.
A two-headed ogre comes into view. It is wielding two +0 giant clubs.
The ogre mage mumbles some strange words.
The ogre mage flickers and vanishes for a moment.
You climb upwards.
There is a stone staircase leading down here.
You start resting.
Magic restored.
You start resting.
HP restored.
You see here a +0 short sword.
Things that are here:
a +0 chain mail; a +0 long sword; a +0 arbalest
Things that are here:
a +2 robe of fire resistance; a +0 dagger You see here a +0 giant club.
There is a stone staircase leading down here.
You climb downwards.
Level annotation: Saint Roka The ogre shouts!
The two-headed ogre shouts in stereo!
The cyclops shouts!
The deep troll shouts!
Saint Roka shoots a bolt.
The bolt hits you!!
The cyclops throws a large rock.
The large rock hits you.
The ogre mage points at the ogre and mumbles some strange words.
The ogre seems to speed up.
The two-headed ogre hits you with a +0 giant club.
The two-headed ogre hits you but does no damage.
The ogre hits you with a +0 giant club!
Saint Roka calls down the wrath of Beogh upon you.
Beogh smites you!
You hear two shouts!
There is a stone staircase leading up, spattered with blood here.
Unknown command.
Casting: Iskenderun's Mystic Blast (safe; 1% risk of failure)
Confirm with . or Enter, or press ? or * to list all spells.
You feel a surge of power!
You erupt in a blast of force!
The mystic blast hits the ogre mage!
The ogre mage is lightly wounded.
The ogre mage is knocked back by the mystic blast.
The mystic blast hits the ogre!!
The ogre is severely wounded.
The ogre is knocked back by the mystic blast.
The ogre collides with the two-headed ogre!
The two-headed ogre is lightly wounded.
The ogre is almost dead.
The mystic blast hits the ogre.
The ogre is lightly wounded.
The ogre is knocked back by the mystic blast.
The mystic blast hits the two-headed ogre!!
The two-headed ogre is moderately wounded.
The two-headed ogre is knocked back by the mystic blast.
The mystic blast hits the two-headed ogre!!
The two-headed ogre is moderately wounded.
The two-headed ogre is knocked back by the mystic blast.
The two-headed ogre collides with the ogre!
You kill the ogre!
The two-headed ogre is heavily wounded.
The mystic blast hits the deep troll!
The deep troll is lightly wounded.
The deep troll is knocked back by the mystic blast.
The troll shouts!
The cyclops throws a large rock.
The large rock barely misses you.
A two-headed ogre comes into view. It is wielding two +0 giant clubs.
Saint Roka shoots a bolt.
The bolt hits you!!
* * * LOW HITPOINT WARNING * * *
You hear a shout! x2
Casting: Iskenderun's Mystic Blast (safe; 1% risk of failure)
Confirm with . or Enter, or press ? or * to list all spells.
You feel a surge of power!
You erupt in a blast of force!
The mystic blast hits the two-headed ogre!!
The two-headed ogre is moderately wounded.
The two-headed ogre is knocked back by the mystic blast.
The mystic blast hits the troll!!
The troll is heavily wounded.
The troll is knocked back by the mystic blast.
The mystic blast hits the two-headed ogre!
The two-headed ogre is moderately wounded.
The two-headed ogre is knocked back by the mystic blast.
The two-headed ogre collides with the ogre!
The ogre is severely wounded.
The two-headed ogre is heavily wounded.
The mystic blast hits the two-headed ogre!
The two-headed ogre is heavily wounded.
The two-headed ogre is knocked back by the mystic blast.
The mystic blast hits the two-headed ogre!!
The two-headed ogre is severely wounded.
The two-headed ogre is knocked back by the mystic blast.
The two-headed ogre collides with the two-headed ogre!
The two-headed ogre is heavily wounded.
You kill the two-headed ogre!
An ogre comes into view. It is wielding a +0 giant spiked club.
The cyclops throws a large rock.
The large rock hits you!!
You die...

#...................#
...O.................
.......O.......$....#
.....T...............
.....$..............#
.....TOO...........#
...........O......#.#
O......@.OOO.<.......
........[....).......
..........T..........
.C.....[.รท...........
.......)))...........
.......o[[.).........
........[).#.O..#....
.......$..$[.........
$..)))............


You could see Saint Roka, 6 two-headed ogres, an ogre mage, a deep troll, a
cyclops, 2 trolls and 3 ogres.

Vanquished Creatures
  Frances (D:12)
  Agnes (D:15)
  Kirke (D:14)
  Louise (D:15)
  An ironbound preserver (D:14)
  2 orc warlords
  The ghost of theswoord the Tormented, a journeyman DsGl of Kikubaaqudgha (Lair:3)
  A dire elephant (D:15)
  A minotaur (Gauntlet)
  Harold (Orc:1)
  Josephine (D:10)
  6 hydras
  A death knight (D:15)
  2 centaur warriors (D:14)
  A catoblepas (Lair:5)
  4 tengu warriors
  3 two-headed ogres
  4 death yaks
  A deep troll shaman (Lair:5)
  A spectral death yak (Lair:3)
  4 skeletal warriors (D:14)
  A fire crab (shapeshifter) (D:14)
  2 fire crabs (Gauntlet)
  Amaemon (Lair:1)
  A skyshark (Lair:5)
  2 spectral hydras (Lair:3)
  A deep elf archer (Volcano)
  Pikel (D:7)
  A lindwurm (Lair:5)
  11 deep elf pyromancers
  2 orc knights
  A wolf spider zombie (D:14)
  7 ugly things
  4 orc sorcerers (Orc:1)
  A wolf spider (D:15)
  A salamander (shapeshifter) (D:14)
  3 centaur zombies (D:14)
  8 cyclopes
  3 manticores
  An elephant (shapeshifter) (D:14)
  4 elephants (Lair:5)
  Maurice (D:7)
  6 black mambas
  Joseph (D:7)
  2 torpor snails (Lair:4)
  13 cane toads
  An orange demon (Lair:1)
  2 gargoyles
  Maggie (D:8)
  2 unseen horrors (D:11)
  5 komodo dragons
  2 kobold demonologists (D:13)
  A freezing wraith (D:10)
  3 rime drakes
  2 tengu conjurers (D:15)
  Prince Ribbit (D:8)
  7 trolls
  4 polar bears
  4 meliai
  A tarantella (shapeshifter) (D:15)
  8 blink frogs
  7 dream sheep (Lair:5)
  18 slime creatures
  A shadow (D:9)
  6 wraiths
  61 yaks
  7 fire bats (Gauntlet)
  6 hogs (D:15)
  A wyvern (Lair:4)
  6 basilisks
  Menkaure (D:6)
  2 steam dragons
  Edmund (D:4)
  3 vampire mosquitoes (D:15)
  3 acid dragons
  3 wargs
  13 water moccasins
  4 hell hounds (Volcano)
  13 orc warriors
  4 black bears
  13 ogres
  2 sky beasts
  14 wolves
  5 boggarts (D:14)
  2 centaurs
  A lemure (D:7)
  A kobold brigand (D:7)
  11 bullfrogs
  3 scorpions
  2 necrophages
  A cane toad simulacrum (Lair:3)
  9 wights
  8 killer bees (D:9)
  2 howler monkeys
  2 electric eels (Lair:5)
  A torpor snail simulacrum (Lair:3)
  A crimson imp (D:4)
  4 hounds
  A fire crab simulacrum (Lair:3)
  A komodo dragon simulacrum (Lair:3)
  9 orc priests
  3 jellies
  Terence (D:3)
  4 iguanas
  12 orc wizards
  2 hell rats (Lair:1)
  12 gnolls
  6 adders
  8 river rats (Lair:1)
  A shadow imp (D:6)
  3 white imps
  3 ufetubi
  A worm (D:5)
  6 dart slugs
  40 orcs
  A ball python (D:3)
  4 bats
  9 endoplasms
  4 giant cockroaches
  17 goblins
  9 hobgoblins
  2 jackals (D:1)
  22 kobolds
  A quokka (D:5)
  2 frilled lizards
  A goblin skeleton (D:4)
  A hobgoblin zombie (D:4)
  4 kobold zombies (D:4)
  An orc skeleton (D:4)
  3 orc zombies (D:4)
  5 rats
603 creatures vanquished.

Vanquished Creatures (collateral kills)
  An orc (Bailey)
  2 goblins (Bailey)
  A hobgoblin (Bailey)
4 creatures vanquished.

Vanquished Creatures (others)
  A deep elf pyromancer (Volcano)
  135 fulminant prisms
  51 fungi
  83 plants
  4 withered plants (D:14)
274 creatures vanquished.

Grand Total: 881 creatures vanquished

Notes
Turn   | Place    | Note
-------+----------+-------------------------------------------
     0 | D:1      | Flugkiller the Demigod Conjurer began the quest for the
                  | Orb.
     0 | D:1      | Reached XP level 1. HP: 14/14 MP: 5/5
   256 | D:1      | Reached XP level 2. HP: 20/20 MP: 2/7
   596 | D:1      | Reached skill level 4 in Conjurations
   721 | D:2      | Learned a level 2 spell: Searing Ray
   923 | D:2      | Reached XP level 3. HP: 26/26 MP: 5/9
  1514 | D:3      | Noticed Terence
  1521 | D:3      | Killed Terence
  1792 | D:3      | Reached XP level 4. HP: 33/33 MP: 9/11
  2248 | D:3      | Found a runed translucent door.
  2248 | D:3      | Noticed jazmu's ghost (amateur DgHu)
  2484 | D:4      | Learned a level 4 spell: Fulminant Prism
  2803 | D:4      | Reached skill level 1 in Hexes
  2803 | D:4      | Reached XP level 5. HP: 38/38 MP: 7/13
  2821 | D:4      | Noticed Edmund
  2880 | D:4      | Reached skill level 5 in Conjurations
  3025 | D:4      | Killed Edmund
  3026 | D:4      | Reached XP level 6. HP: 31/45 MP: 4/14
  3556 | D:5      | Entered Level 5 of the Dungeon
  4178 | D:5      | Reached XP level 7. HP: 44/50 MP: 7/16
  4752 | D:6      | Found Nasielun's Assorted Antiques.
  4760 | D:6      | Bought a scroll labelled IRAALU PIYJ for 32 gold pieces
  4760 | D:6      | Bought a scroll labelled IRAALU PIYJ for 32 gold pieces
  4760 | D:6      | Bought a scroll labelled YXTUGHA SUERON for 32 gold pieces
  4760 | D:6      | Bought a scroll labelled IRAALU PIYJ for 32 gold pieces
  4823 | D:6      | Reached skill level 6 in Conjurations
  4913 | D:6      | Noticed Menkaure
  4919 | D:6      | Killed Menkaure
  4925 | D:6      | Reached skill level 5 in Spellcasting
  5101 | D:6      | Found a staircase to the Ecumenical Temple.
  5461 | D:6      | Reached XP level 8. HP: 57/57 MP: 13/19
  6042 | D:7      | Noticed Joseph
  6057 | D:7      | Killed Joseph
  6058 | D:7      | Reached skill level 7 in Conjurations
  6058 | D:7      | Reached skill level 5 in Hexes
  6259 | D:7      | Noticed Pikel
  6621 | D:7      | Killed Pikel
  6622 | D:7      | Reached skill level 8 in Conjurations
  6622 | D:7      | Reached XP level 9. HP: 62/62 MP: 10/23
  6743 | D:7      | Found a runed translucent door.
  6744 | D:7      | Noticed Crazy Yiuf
  6807 | D:8      | Reached skill level 9 in Conjurations
  6823 | D:8      | Noticed Prince Ribbit
  6829 | D:8      | Noticed Maurice
  6972 | D:7      | Killed Maurice
  7118 | D:8      | Killed Prince Ribbit
  7118 | D:8      | Noticed Maggie
  7119 | D:8      | Reached skill level 10 in Conjurations
  7192 | D:7      | Reached skill level 1 in Fighting
  7385 | D:8      | Killed Maggie
  8068 | D:8      | Gained mutation: Armour fits poorly on your strangely
                  | shaped body. [potion of mutation]
  8069 | D:8      | Lost mutation: Armour fits poorly on your strangely shaped
                  | body. [potion of mutation]
  8069 | D:8      | Gained mutation: You have a considerably increased
                  | reservoir of magic. (+20% MP) [potion of mutation]
  8069 | D:8      | Gained mutation: You are strong-willed. (Will+) [potion of
                  | mutation]
  8163 | D:9      | Learned a level 4 spell: Iskenderun's Mystic Blast
  8174 | D:9      | Reached XP level 10. HP: 73/73 MP: 15/26
  8193 | D:9      | Reached skill level 1 in Translocations
  8432 | D:9      | Reached skill level 1 in Evocations
  8969 | D:9      | Found a staircase to the Orcish Mines.
  9125 | D:10     | Entered Level 10 of the Dungeon
  9125 | D:10     | Found a flagged portal.
  9256 | Bailey   | Entered a bailey
  9360 | Bailey   | Learned a level 5 spell: Summon Mana Viper
  9364 | Bailey   | Noticed an orc warlord
  9383 | Bailey   | Noticed an orc knight
  9404 | Bailey   | Killed an orc knight
  9571 | Bailey   | Found a runed translucent gate.
  9571 | Bailey   | Found a runed translucent gate.
  9571 | Bailey   | Found a runed translucent gate.
  9715 | Bailey   | Killed an orc warlord
  9893 | D:10     | Reached XP level 11. HP: 79/79 MP: 21/29
  9930 | D:10     | Noticed a two-headed ogre
  9939 | D:10     | Killed a two-headed ogre
 10046 | D:10     | Found Fystiyna's Jewellery Boutique.
 10247 | D:10     | Found a staircase to the Lair.
 10378 | D:10     | Noticed Josephine
 10400 | D:10     | Killed Josephine
 10401 | D:10     | Reached skill level 11 in Conjurations
 10671 | D:10     | Identified a scroll of acquirement
 10673 | D:10     | Reached skill level 13 in Conjurations
 10673 | D:10     | Reached XP level 12. HP: 85/85 MP: 30/30
 10693 | D:10     | Bought a +6 ring of intelligence for 396 gold pieces
 10730 | D:11     | Reached skill level 5 in Evocations
 11414 | D:11     | Reached skill level 10 in Hexes
 11727 | Lair:1   | Entered Level 1 of the Lair of Beasts
 12169 | Lair:1   | Noticed Amaemon
 12175 | Lair:1   | Killed Amaemon
 12902 | Lair:2   | Found a hole to the Spider Nest.
 12995 | Lair:2   | Reached XP level 13. HP: 95/95 MP: 25/32
 13204 | Lair:2   | Acquired the amulet "Reopeot" {Acrobat Regen+}
 13211 | Lair:2   | Acquired the +3 pair of gloves "Vaoch" {rF+ Dex+3}
 14241 | Lair:3   | Found a staircase to the Swamp.
 14370 | Lair:3   | Found a runed translucent gate.
 14370 | Lair:3   | Found a runed translucent gate.
 14370 | Lair:3   | Found a runed translucent gate.
 14377 | Lair:3   | Noticed theswoord's ghost (journeyman DsGl)
 14640 | Lair:3   | Killed theswoord's ghost
 15199 | Lair:4   | Reached skill level 5 in Fighting
 15199 | Lair:4   | Reached skill level 14 in Conjurations
 16156 | Lair:4   | Found a staircase to the Slime Pits.
 16226 | Lair:5   | Entered Level 5 of the Lair of Beasts
 16240 | Lair:5   | Reached skill level 10 in Spellcasting
 16411 | Lair:5   | Reached skill level 15 in Conjurations
 16491 | Lair:5   | Found a dark tunnel.
 16508 | Volcano  | Entered a volcano
 16808 | Volcano  | Reached XP level 14. HP: 107/107 MP: 27/36
 16947 | Volcano  | Found the +3 crown of Dyrovepreva {rElec Int+2 SInv}
 18444 | D:12     | Reached skill level 16 in Conjurations
 18618 | D:12     | Noticed Frances
 18761 | D:12     | Found a gate leading to a gauntlet.
 18775 | Gauntlet | Entered a Gauntlet
 18775 | Gauntlet | Found a transporter.
 18790 | Gauntlet | Found a transporter.
 18793 | Gauntlet | Found a transporter.
 18794 | Gauntlet | Found a transporter.
 18802 | Gauntlet | Found a transporter.
 18805 | Gauntlet | Found a transporter.
 18806 | Gauntlet | Found a transporter.
 18815 | Gauntlet | Found a transporter.
 18818 | Gauntlet | Found a transporter.
 18819 | Gauntlet | Found a transporter.
 18827 | Gauntlet | Found a transporter.
 18830 | Gauntlet | Found a transporter.
 18831 | Gauntlet | Found a transporter.
 18839 | Gauntlet | Noticed a balrug
 18840 | Gauntlet | Found a transporter.
 19123 | Gauntlet | Identified the +1 sling of the Bedazzled God {heavy, Will+
                  | Int-4 SInv}
 19153 | Gauntlet | Identified the +4 helmet of Celeusur {*Corrode rF+ MP+9
                  | Str+6}
 19242 | D:12     | Killed Frances
 19719 | D:13     | Found Toutir's Book Shoppe.
 20164 | D:13     | Reached skill level 17 in Conjurations
 20739 | D:14     | Found Bifraugie's Distillery.
 20815 | D:14     | Found Ybracoot's Weapon Shop.
 20982 | D:14     | Noticed an ironbound preserver
 20992 | D:14     | Killed an ironbound preserver
 21176 | D:14     | Found a gate to the Vaults.
 21329 | D:14     | Found Zebbi's Assorted Antiques.
 21342 | D:14     | Found Iqisarab's Weapon Shoppe.
 21358 | D:14     | Reached skill level 18 in Conjurations
 21614 | D:14     | Found Wiops's Jewellery Shop.
 21713 | D:15     | Entered Level 15 of the Dungeon
 21713 | D:15     | Noticed Kirke
 21717 | D:15     | Reached XP level 15. HP: 113/113 MP: 27/38
 21717 | D:15     | Noticed Agnes
 21722 | D:15     | Killed Agnes
 21723 | D:15     | Noticed a sphinx
 21871 | D:14     | Killed Kirke
 22348 | D:15     | Identified the +0 tower shield of Kutacate {Str+6 Int-4}
 22348 | D:15     | Noticed Louise
 22355 | D:15     | Killed Louise
 22495 | D:15     | Found a staircase to the Depths.
 22614 | D:15     | Reached skill level 19 in Conjurations
 23016 | Orc:1    | Entered Level 1 of the Orcish Mines
 23218 | Orc:1    | Noticed Harold
 23229 | Orc:1    | Killed Harold
 23590 | Orc:2    | Entered Level 2 of the Orcish Mines
 23610 | Orc:2    | Noticed Saint Roka
 23894 | Orc:2    | Hit by a large rock thrown by a cyclops

Illustrated notes

Levels and vault maps discovered:
D:1:      minmay_arrival_nine_rooms, layout_basic
D:2:      layout_loops_ring, serial_bayou_pond_a, lemuel_flame_loot_1
D:3:      layout_basic, mainiacjoe_overflow_concentric_impassable,
          gammafunk_ghost_grave, shapermc_ecumenical_altar_petra, uniq_terence
D:4:      layout_loops_cross, nicolae_tso_besieged_by_evil, uniq_edmund
D:5:      layout_loops_corners, lightli_temple_of_fire, minivault_23
D:6:      layout_basic, minmay_temple_entry_large_hall, serial_shops,
          nicolae_shop_overgrown_old_shop, uniq_menkaure
D:7:      layout_rooms, amcnicky_altar_gilded, uniq_crazy_yiuf_cottage,
          uniq_pikel, uniq_joseph
D:8:      layout_loops_ring, uniq_maggie, uniq_prince_ribbit1, uniq_maurice
D:9:      hellmonk_ruined_rings, layout_long_grid,
          nicolae_overflow_hidden_temple, orc_0_dummy
D:10:     layout_roguey, grunt_lair_entry_orc_guard_hut, enter_bailey_5,
          minmay_shop_enchanted_jewellery, uniq_josephine
D:11:     layout_loops_ring
D:12:     layout_loops_ring, gauntlet_entry_generic, small_chamber_with_monster,
          uniq_frances
D:13:     layout_gridville, serial_shops, nicolae_shop_window_shopping,
          corexii_checkpoint_b, corexii_leaking_fountain
D:14:     layout_roguey, skrybe_vaults_entry_preservation, serial_shops,
          kennysheep_little_box, shop, nicolae_inconvenience_store, shop, shop,
          serial_undead, serial_undead_c, serial_undead_e, serial_undead_b,
          serial_undead_d, minmay_misc_feat_four_crosses
D:15:     hangedman_depths_entry_try_elsewhere_first, layout_loops_ring,
          minmay_misc_feat_tower, uniq_kirke, uniq_louise, uniq_agnes
Lair:1:   layout_gridlike, kennysheep_rathole, uniq_amaemon
Lair:2:   layout_roguey, dummy_spider_entry
Lair:3:   layout_cave_pods, swamp_mist_pool, gammafunk_ghost_necromancy,
          grunt_megastairs_5
Lair:4:   layout_hall_layers, dpeg_slime_entry_enclosed, pond
Lair:5:   grunt_lair_end_beastmaster, layout_loops_ring, enter_volcano_1,
          serial_bayou_lagoon_b, serial_bayou_shore_a
Orc:1:    layout_diamond_mine, uniq_harold
Orc:2:    st_orc_open, layout_caves, uniq_saint_roka

Skill      XL: |  1  2  3  4  5  6  7  8  9 10 11 12 13 14 15 |
---------------+----------------------------------------------+-----
Spellcasting   | 2 3 4 5 6 7 8 10 11 | 11.0
Conjurations   | 4 5 6 8 10 13 15 18 19 | 19.5
Hexes          | 1 2 3 4 5 6 7 8 10 11 | 11.0
Fighting       | 2 3 5 |  5.0
Translocations | 4 |  4.0
Evocations     | 3 4 5 |  5.0
Dodging        | |  1.7
Stealth        | |  1.7

Action                     |  1- 3 |  4- 6 |  7- 9 | 10-12 | 13-15 || total
---------------------------+-------+-------+-------+-------+-------++-------
  Melee: Staff             |       |     6 |     5 |    28 |    43 ||    82
         Unarmed           |       |       |    14 |       |       ||    14
         Broad axe         |       |       |       |    26 |       ||    26
         Punch             |       |       |       |       |     2 ||     2
   Cast: Magic Dart        |    72 |   125 |   121 |    47 |     2 ||   367
         Searing Ray       |     2 |     8 |    29 |     2 |       ||    41
         Fulminant Prism   |       |       |    16 |    61 |    58 ||   135
         Iskenderun's Myst |       |       |       |    63 |   371 ||   434
         Summon Mana Viper |       |       |       |     3 |       ||     3
  Evoke: Wand              |       |       |     1 |     5 |     4 ||    10
    Use: Scroll            |       |     5 |     8 |     5 |    13 ||    31
         Potion            |       |       |     6 |     2 |       ||     8
   Stab: Paralysed         |       |       |       |     5 |       ||     5
         Distracted        |       |       |       |     1 |       ||     1
 Armour: Robe              |     1 |    11 |    15 |       |       ||    27
         Steam dragon scal |       |       |     5 |    25 |    94 ||   124
         Skin              |       |       |     1 |       |       ||     1
  Dodge: Dodged            |     3 |    19 |    62 |   108 |   170 ||   362
  Block: Buckler           |       |       |       |       |    29 ||    29

Table legend: (Time is in decaauts)
 A = Elapsed time spent in this place.
 B = Non-inter-level travel time spent in this place.
 C = Inter-level travel time spent in this place.
 D = Time resting spent in this place.
 E = Time spent auto-exploring this place.
 F = Levels seen in this place.
 G = Mean time per level.
                   A        B        C        D        E       F      G
               +--------+--------+--------+--------+--------+-----+--------+
         Total |  24000 |  22951 |   1049 |   7365 |  11161 |  25 |  960.0 |
       Dungeon |  15548 |  14803 |    745 |   4598 |   7559 |  15 | 1036.5 |
          Lair |   6021 |   5799 |    222 |   1860 |   2888 |   5 | 1204.2 |
  Orcish Mines |    841 |    761 |     80 |    262 |    356 |   2 |  420.5 |
        Bailey |    604 |    604 |      0 |    189 |    141 |   1 |  604.0 |
       Volcano |    527 |    527 |      0 |    323 |     39 |   1 |  527.0 |
      Gauntlet |    456 |    456 |      0 |    133 |    177 |   1 |  456.0 |
               +--------+--------+--------+--------+--------+-----+--------+

Top non-repeatable levels by time:
  Lair:3: 1684 daAuts
    D:14: 1540 daAuts
     D:6: 1471 daAuts
  Lair:5: 1452 daAuts
     D:7: 1250 daAuts
    D:10: 1226 daAuts
     D:5: 1096 daAuts
     D:4: 1094 daAuts
    D:11: 1088 daAuts
  Lair:2: 1076 daAuts
     D:9: 1017 daAuts
     D:3: 952 daAuts
  Lair:4: 948 daAuts
    D:13: 889 daAuts
  Lair:1: 859 daAuts
